 Dungeon Crawl Stone Soup version 0.31-b1-22-gc680215f68 (webtiles) character file.

Game seed: 9578232090249601466

1 NamelessAdventurer the Apothecary (level 1, -3/15 HPs)
             Began as a Djinni Alchemist on Jan 19, 2024.
             Killed from afar by a dart slug (5 damage)
             ... with a slug dart
             ... on level 1 of the Dungeon.
             The game lasted 00:00:35 (78 turns).

NamelessAdventurer the Apothecary (Djinni Alchemist)  Turns: 78, Time: 00:00:36

Health: -3/15      AC:  2    Str:  7    XL:     1   Next: 22%
Gold:   0          EV: 12    Int: 16    God:
                   SH:  0    Dex: 13

rFire   + + .        b - +0 quarterstaff
rCold   x . .        (shield currently unavailable)
rNeg    . . .        a - +0 robe
rPois   ∞            (no helmet)
rElec   .            (no cloak)
rCorr   .            (no gloves)
SInv    .            (boots unavailable)
Will    .....        (no amulet)
Stlth   ++           (no ring)
HPRegen 0.22/turn    (no ring)
MPRegen 0.00/turn

%: infuse magic (-4 HP)
@: flying
A: sickness immunity, fire resistance 2, cold vulnerability 1, float, innate
caster, HP casting, extra vitality 1
a: no special abilities


You were on level 1 of the Dungeon.
You visited 1 branch of the dungeon, and saw 1 of its levels.

Inventory:

Hand Weapons
 b - a +0 quarterstaff (weapon)
Armour
 a - a +0 robe (worn)


   Skills:
 * Level 2.1 Dodging
 * Level 1.5 Stealth
 * Level 3.1 Spellcasting
 * Level 3.1 Conjurations
 * Level 3.1 Hexes
 * Level 3.1 Summonings
 * Level 3.1 Necromancy
 * Level 3.1 Translocations
 * Level 3.1 Fire Magic
 * Level 3.1 Ice Magic
 * Level 3.1 Air Magic
 * Level 3.1 Earth Magic
 * Level 3.1 Alchemy


You knew the following spells:

 Your Spells              Type           Power      Damage    Failure   Level
a - Sting                 Conj/Alch      48%        1d6       5%          1
b - Mercury Vapours       Alch/Air       24%        N/A       8%          2
c - Mephitic Cloud        Conj/Alch/Air  12%        N/A       16%         3
d - Olgreb's Toxic Radia  Alch           12%        N/A       45%         4
e - Sticky Flame          Fire/Alch      12%        2d5       45%         4
Your spell library was empty.

Dungeon Overview and Level Annotations

Branches:
Dungeon (1/15)

Altars:


Innate Abilities, Weirdness & Mutations

You are immune to sickness and miasma.
You are immune to poison.
Your flesh is very heat resistant. (rF++)
You are vulnerable to cold. (rC-)
You float through the air rather than walking.
You learn spells naturally, not from books.
Your magical power is your life essence.
You have superior vitality. (+4 MHP)


Message History

Found a pair of gloves.
You reach down and open the door.
There is an open door here.
Found a quarterstaff.
You see here a +0 quarterstaff.
Found a ring mail.
A goblin comes into view.
It is wielding a +3 dagger of protection.
You see here a +0 quarterstaff.
b - a +0 quarterstaff
b - a +0 quarterstaff (weapon)
The goblin shouts!
A dart slug comes into view.
Found a bone ring.
Aiming: Sting (safe; 5% risk of failure)
Press: ? - help, Q - select action, (/) - cycle Shift-Dir - straight line, f - goblin
Aim: a goblin, wielding a +3 dagger of protection (64% to hit)
The sting misses the goblin.
The dart slug launches a dart at you. The slug dart hits you.
Aiming: Sting (safe; 5% risk of failure)
Press: ? - help, Q - select action, (/) - cycle Shift-Dir - straight line, f/p - goblin
Aim: a goblin, wielding a +3 dagger of protection (64% to hit)
The sting hits the goblin but does no damage.
The goblin is poisoned.
The goblin hits you with a +3 dagger of protection.
You barely miss the goblin.
The goblin is moderately wounded.
The goblin barely misses you.
The dart slug briefly extends its eye-stalks.
You barely miss the goblin.
The goblin is moderately wounded.
The goblin hits you with a +3 dagger of protection.
* * * LOW HITPOINT WARNING * * *
The goblin hits you with a +3 dagger of protection.
* * * LOW HITPOINT WARNING * * *
Unknown command.
You kill the goblin!
The dart slug launches a dart at you. The slug dart hits you.
You die...

#.# #.....# #.#
####### #. #.# ##.#
#.# ##...# #.#
#.....# #.#
......[## #.#
........###.#
.........##@#####.##
......w)............
=......#.###########
#.....##.# ##...#
#.# #### #.# #.# #.#
#.#


You could see a dart slug.

Vanquished Creatures
  A goblin (D:1)
1 creature vanquished.

Notes
Turn   | Place    | Note
-------+----------+-------------------------------------------
     0 | D:1      | NamelessAdventurer the Djinni Alchemist began the quest for
                  | the Orb.
     0 | D:1      | NamelessAdventurer set off with the following spells
                  | memorised: Sting, Mercury Vapours, Mephitic Cloud, Olgreb's
                  | Toxic Radiance, Sticky Flame.
     0 | D:1      | Reached XP level 1. HP: 15/15 MP: 0/0
    78 | D:1      | Killed from afar by a dart slug

Illustrated notes

Levels and vault maps discovered:
D:1:      ncdulo_halloftheorcs, layout_loops_ring

Action                     || total
---------------------------++-------
  Melee: Quarterstaff      ||     2
   Cast: Sting             ||     2
 Armour: Robe              ||     5
  Dodge: Dodged            ||     1
